 Dungeon Crawl Stone Soup version 0.29.1-13-g9f3cf754e1 (webtiles) character file.

Game seed: 7346322867010494864

57 cdecastro the Shooter (level 4, 0/25 HPs)
             Began as a Kobold Arcane Marksman on Jan 24, 2023.
             Killed from afar by Natasha (8 damage)
             ... with a magic dart
             ... on level 3 of the Dungeon on Jan 26, 2023.
             The game lasted 00:06:04 (2020 turns).

cdecastro the Shooter (Kobold Arcane Marksman)      Turns: 2020, Time: 00:06:05

Health: 0/25       AC:  5    Str:  9    XL:     4   Next: 18%
Magic:  5/5        EV: 12    Int: 14    God:
Gold:   39         SH:  0    Dex: 15    Spells: 4/5 levels left

rFire   . . .      SeeInvis .   a - +1 sling
rCold   . . .      Faith    .   (no shield)
rNeg    . . .      Spirit   .   d - +0 ring mail
rPois   .          Reflect  .   (no helmet)
rElec   .          Harm     .   (no cloak)
rCorr   .          Rampage  .   (no gloves)
Will    .....                   (no boots)
Stlth   ++........              (no amulet)
HPRegen 0.08/turn               (no ring)
MPRegen 0.09/turn               (no ring)

@: no status effects
A: small, no large weapons, nightstalker 3
a: no special abilities


You were on level 3 of the Dungeon.
You visited 1 branch of the dungeon, and saw 3 of its levels.
You also visited: Sewer.

You collected 39 gold pieces.

Inventory:

Hand Weapons
 a - a +1 sling (weapon)
 e - a +0 dagger
 j - a +0 short sword of speed
 q - a +1 dagger of speed
Armour
 c - a +0 robe
 d - a +0 ring mail (worn)
Jewellery
 r - an amulet of guardian spirit
 s - a +6 ring of dexterity
Scrolls
 b - a scroll of poison
 f - a scroll of blinking {unknown}
 i - 2 scrolls of teleportation {unknown}
 l - a scroll of vulnerability {unknown}
 m - a scroll of enchant armour {unknown}
 o - a scroll of identify {unknown}
 u - a scroll of magic mapping {unknown}
Potions
 g - a potion of cancellation {unknown}
 k - 4 potions of curing {unknown}
 n - a potion of berserk rage {unknown}
 p - a potion of magic {unknown}
 t - a potion of attraction {unknown}


   Skills:
 - Level 1.1 Fighting
 + Level 5.5 Ranged Weapons
 - Level 2.4 Dodging
 - Level 1.1 Spellcasting
 - Level 3.0 Hexes


You had 4 spell levels left.
You knew the following spells:

 Your Spells              Type           Power      Damage    Failure   Level
a - Slow                  Hex            36%        N/A       22%         1

Your spell library contained the following spells:

 Spells                   Type           Power      Damage    Failure   Level
 Inner Flame              Hex/Fire       4%         N/A       75%         3
 Portal Projectile        Hex/Tloc       8%         N/A       75%         3
 Cause Fear               Hex            4%         N/A       91%         4


Dungeon Overview and Level Annotations

Branches:
Dungeon (3/15)              Sewer (visited)

Altars:

Annotations:
D:3 Natasha


Innate Abilities, Weirdness & Mutations

You are small and have problems with some larger weapons.
You are completely attuned to the shadows.


Message History

The sling bullet hits Natasha but does no damage.
Natasha is moderately wounded.
Natasha claws you.
Fire: a) +1 sling
Press: ? - help, Q - select action, (/) - cycle Shift-Dir - straight line, f/p - Natasha
Aim: Natasha (moderately wounded, 51% to hit)
You shoot a sling bullet. The sling bullet barely misses Natasha.
Natasha barely misses you. Natasha closely misses you.
Unknown command.
Fire: a) +1 sling
Press: ? - help, Q - select action, (/) - cycle Shift-Dir - straight line, f/p - Natasha
Aim: Natasha (moderately wounded, 51% to hit)
You shoot a sling bullet.
The sling bullet hits Natasha but does no damage.
Natasha is moderately wounded.
Natasha mumbles some strange words.
You are too injured to fight recklessly!
You are too injured to fight recklessly!
You are too injured to fight recklessly!
Fire: a) +1 sling
Press: ? - help, Q - select action, (/) - cycle Shift-Dir - straight line, f/p - Natasha
Aim: Natasha (moderately wounded, 51% to hit)
You shoot a sling bullet. The sling bullet barely misses Natasha.
Natasha closely misses you.
Unknown command.
Fire: a) +1 sling
Press: ? - help, Q - select action, (/) - cycle Shift-Dir - straight line, f/p - Natasha
Aim: Natasha (moderately wounded, 51% to hit)
You shoot a sling bullet.
The sling bullet closely misses Natasha.
Natasha claws you!
* * * LOW HITPOINT WARNING * * *
Fire: a) +1 sling
Press: ? - help, Q - select action, (/) - cycle Shift-Dir - straight line, f/p - Natasha
Aim: Natasha (lightly wounded, 51% to hit)
You shoot a sling bullet. The sling bullet barely misses Natasha.
The sling bullet closely misses the crimson imp.
Natasha stares at you and mumbles some strange words.
The magic dart hits you!
You die...

.. ##.#
#5. #h#
##@# #..#
### #.##
#.# #.#
#.# #.#
#.# #.#
#.# #.#
#.#
#.#####.#
#.#.....#


You could see Natasha and a crimson imp (summoned).

Vanquished Creatures
  3 adders
  5 bats
  An endoplasm (D:3)
  2 goblins
  3 hobgoblins (D:1)
  3 jackals
  7 kobolds
  2 quokkas
  2 ball pythons
  2 frilled lizards (D:1)
30 creatures vanquished.

Notes
Turn   | Place    | Note
-------+----------+-------------------------------------------
     0 | D:1      | cdecastro the Kobold Arcane Marksman began the quest for
                  | the Orb.
     0 | D:1      | Reached XP level 1. HP: 12/12 MP: 2/2
    36 | D:1      | Reached skill level 3 in Ranged Weapons
   110 | D:1      | Reached XP level 2. HP: 16/16 MP: 3/3
   269 | D:1      | Reached skill level 4 in Ranged Weapons
   867 | D:2      | Reached XP level 3. HP: 20/20 MP: 4/4
   926 | D:2      | Found a faded altar of an unknown god.
  1431 | D:3      | Reached skill level 5 in Ranged Weapons
  1626 | D:3      | Found a glowing drain.
  1634 | Sewer    | Entered a sewer
  1847 | D:3      | Reached XP level 4. HP: 17/25 MP: 5/5
  2011 | D:3      | Noticed Natasha
  2020 | D:3      | Killed from afar by Natasha

Illustrated notes

Levels and vault maps discovered:
D:1:      lightli_arrival_isolated_outpost, layout_basic, serial_glass,
          glass_columns_a, glass_columns_a, glass_columns_b, glass_columns_c
D:2:      layout_rooms, shapermc_ecumenical_altar_notcrosses, serial_glass,
          glass_columns_a, glass_columns_a, glass_columns_b, glass_columns_a,
          glass_columns_b, glass_columns_a, glass_columns_b, glass_columns_b
D:3:      minmay_octagon_keep, layout_rooms, elyvilon_altar_4,
          mainiacjoe_overflow_concentric_impassable, portal_sewer_entry_d,
          uniq_natasha, uniq_sigmund, uniq_jessica

Skill      XL: |  1  2  3 |
---------------+----------+-----
Ranged Weapons | 3 4 5 |  5.5
Fighting       | |  1.1
Dodging        | |  2.4
Spellcasting   | |  1.1
Hexes          | |  3.0

Action                   |  1- 3 |  4- 6 || total
-------------------------+-------+-------++-------
 Fire: Sling             |    99 |    13 ||   112
Throw: Dart              |     2 |       ||     2
 Cast: Slow              |     4 |       ||     4
Armor: Ring mail         |    21 |       ||    21
       Robe              |     1 |       ||     1
Dodge: Dodged            |    55 |     5 ||    60
